 Dungeon Crawl Stone Soup version 0.30.0-29-ga12c61a403 (webtiles) character file.

Game seed: 5980815194015594914

28 BONEBRO the Trooper (level 3, -1/33 HPs)
             Began as a Hill Orc Fighter on June 12, 2023.
             Killed from afar by an orc wizard (7 damage)
             ... with a magic dart
             ... on level 4 of the Dungeon.
             The game lasted 00:02:09 (967 turns).

BONEBRO the Trooper (Hill Orc Fighter)               Turns: 967, Time: 00:02:09

Health: -1/33      AC:  6    Str: 20    XL:     3   Next: 14%
Magic:  3/3        EV:  9    Int:  8    God:
Gold:   71         SH:  4    Dex: 10    Spells: 2/2 levels left

rFire   . . .        a - +0 war axe
rCold   . . .        c - +0 buckler
rNeg    . . .        b - +0 scale mail
rPois   .            (no helmet)
rElec   .            (no cloak)
rCorr   .            (no gloves)
SInv    .            (no boots)
Will    .....        (no amulet) Stlth
                     (no ring)
HPRegen 0.25/turn    (no ring)
MPRegen 0.08/turn

%: no passive effects
@: no status effects
A: no striking features
a: no special abilities


You were on level 4 of the Dungeon.
You visited 1 branch of the dungeon, and saw 3 of its levels.

You collected 71 gold pieces.

Inventory:

Hand Weapons
 a - a +0 war axe (weapon)
Armour
 b - a +0 scale mail (worn)
 c - a +0 buckler (worn)
Scrolls
 f - 2 scrolls of identify {unknown}
Potions
 d - a potion of might
 e - a potion of attraction {unknown}
 g - 2 potions of curing {unknown}
 h - 2 potions of flight {unknown}


   Skills:
 - Level 4.1 Fighting
 * Level 4.0 Axes
 - Level 3.3 Armour
 - Level 3.4 Shields


You had 2 spell levels left.
You didn't know any spells.
Your spell library was empty.

Dungeon Overview and Level Annotations

Branches:
Dungeon (4/15)
 Temple: D:4-7

Altars:

Shops:
D:2 (


Message History

A gnoll comes into view. It is wielding a +0 whip.
The gnoll hits you from afar with a +0 spear.
You barely miss the gnoll.
The gnoll hits you from afar with a +0 spear.
The gnoll hits you but does no damage. The gnoll barely misses you.
You closely miss the gnoll. You block the gnoll's attack.
The gnoll hits you but does no damage. The gnoll closely misses you.
The gnoll completely misses you. You block the gnoll's attack.
The gnoll closely misses you. x2
You closely miss the gnoll.
The gnoll hits you from afar with a +0 spear.
The gnoll hits you from afar with a +0 halberd!
The gnoll closely misses you. You block the gnoll's attack.
The gnoll hits you from afar with a +0 halberd!
The gnoll closely misses you.
You are too injured to fight recklessly!
You are too injured to fight recklessly!
The gnoll hits you but does no damage.
An orc wizard and an orc come into view.
The orc shouts!
The orc wizard casts a spell at you. You resist with significant effort.
An orc warrior and an endoplasm come into view.
Found a stone staircase leading up.
The orc warrior shouts!
The endoplasm quivers.
A hobgoblin comes into view.
An orc wizard comes into view. It is wielding a +0 dagger.
Found an escape hatch in the floor.
The orc wizard shouts!
The orc wizard gestures wildly while chanting.
The orc wizard flickers and vanishes!
Deactivating autopickup; reactivate with Ctrl-A.
Found a stone staircase leading up.
A puff of flame appears from out of thin air!
The puff of flame hits you!
* * * LOW HITPOINT WARNING * * *
The orc wizard points at you and mumbles some strange words.
The magic dart hits you!
You die...

######## ##.....#.
######## ##......†.
##.....<## #.........
#......@.## #.........
..........# #.........
........g.# #.........
..........#####[........
.......o......g.g.......
......J.g.######........
.....o...## ##.....#.
.<.o.{.... ##...###
......... #..###


You could see an orc warrior, an orc wizard, a gnoll, an orc, an endoplasm and a
hobgoblin.

Vanquished Creatures
  A worm (D:2)
  A dart slug (D:1)
  6 bats
  2 endoplasms
  2 giant cockroaches (D:1)
  3 hobgoblins
  2 ball pythons
  2 frilled lizards (D:1)
  A goblin (D:1)
  3 kobolds
23 creatures vanquished.

Notes
Turn   | Place    | Note
-------+----------+-------------------------------------------
     0 | D:1      | BONEBRO the Hill Orc Fighter began the quest for the Orb.
     0 | D:1      | Reached XP level 1. HP: 19/19 MP: 1/1
    89 | D:1      | Reached XP level 2. HP: 6/27 MP: 2/2
   656 | D:2      | Found Usaqatos's Antique Weapon Boutique.
   685 | D:2      | Reached XP level 3. HP: 28/33 MP: 3/3
   913 | D:2      | You fall into a shaft and drop 2 floors!
   963 | D:4      | Noticed an orc warrior
   967 | D:4      | Killed from afar by an orc wizard

Illustrated notes

Levels and vault maps discovered:
D:1:      grunt_arrival_crossed_arrows, layout_rooms, serial_curves,
          eino_curves_01, eino_curves_02, eino_curves_04
D:2:      layout_basic, serial_shops, nicolae_shop_hallway_stairs
D:4:      layout_rooms, mainiacjoe_overflow_chevrons

Skill      XL: |  1  2  3 |
---------------+----------+-----
Fighting       | 4 |  4.1
Axes           | 3 4 |  4.0
Armour         | |  3.3
Shields        | |  3.4

Action                     || total
---------------------------++-------
  Melee: War axe           ||    89
 Armour: Scale mail        ||    41
  Dodge: Dodged            ||    58
  Block: Buckler           ||    21
